 Dungeon Crawl Stone Soup version 0.30.1-11-g7821555f0a (webtiles) character file.

Game seed: 12504120539734250730

370 RancidPinata the Trooper (level 6, -8/40 HPs)
             Began as a Gargoyle Gladiator on Dec 5, 2023.
             Mangled by an ogre
             ... wielding a +0 giant club
              (29 damage)
             ... on level 4 of the Dungeon.
             The game lasted 00:12:57 (3447 turns).

RancidPinata the Trooper (Gargoyle Gladiator)       Turns: 3447, Time: 00:12:57

Health: -8/40      AC: 11    Str: 17    XL:     6   Next: 70%
Magic:  6/6        EV: 12    Int:  9    God:
Gold:   160        SH:  0    Dex: 13    Spells: 5/5 levels left

rFire   . . .        i - +2 hand axe (freeze)
rCold   . . .        (no shield)
rNeg    + . .        b - +0 leather armour
rPois   ∞            c - +0 helmet
rElec   +            (no cloak)
rCorr   +            t - +0 pair of gloves
SInv    .            s - +0 pair of boots
Will    .....        (no amulet)
Stlth   +            C - ring of resist corrosion
HPRegen 0.26/turn    (no ring)
MPRegen 0.10/turn

%: no passive effects
@: no status effects
A: sickness immunity, AC +4, negative energy resistance 1, electricity
resistance, torment resistance 1, petrification resistance
a: no special abilities


You were on level 4 of the Dungeon.
You visited 1 branch of the dungeon, and saw 4 of its levels.

You collected 160 gold pieces.

Inventory:

Hand Weapons
 a - a +0 flail
 i - a +2 hand axe of freezing (weapon)
 y - a +1 heavy hand axe
Missiles
 d - 2 throwing nets
 h - 59 stones
 q - 8 boomerangs (quivered)
 x - 3 poisoned darts
 A - a javelin
Armour
 b - a +0 leather armour (worn)
 c - a +0 helmet (worn)
 s - a +0 pair of boots (worn)
 t - a +0 pair of gloves (worn)
Jewellery
 C - a ring of resist corrosion (left hand)
Scrolls
 e - a scroll of vulnerability {unknown}
 k - 5 scrolls of teleportation
 l - a scroll of amnesia {unknown}
 m - a scroll of torment {unknown}
 p - a scroll of magic mapping {unknown}
 r - a scroll of brand weapon {unknown}
 u - a scroll of enchant armour {unknown}
 w - a scroll of blinking {unknown}
 B - a scroll of poison {unknown}
Potions
 f - a potion of berserk rage {unknown}
 g - a potion of flight
 j - a potion of experience {unknown}
 n - 2 potions of lignification
 o - a potion of degeneration {unknown}
 v - a potion of heal wounds
 z - a potion of might {unknown}


   Skills:
 * Level 5.0 Fighting
 + Level 2.4(3.0) Axes
 - Level 3.0(3.5) Maces & Flails
 + Level 3.2 Throwing
 + Level 2.8 Armour
 - Level 2.4 Dodging


You had 5 spell levels left.
You didn't know any spells.
Your spell library contained the following spells:

 Spells                   Type           Power      Damage    Failure   Level
 Magic Dart               Conj           0%         1d3       43%         1
 Call Imp                 Summ           0%         N/A       58%         2
 Lesser Beckoning         Tloc           0%         N/A       58%         2
 Gell's Gravitas          Tloc           0%         N/A       82%         3
 Mephitic Cloud           Conj/Pois/Air  0%         N/A       82%         3
 Teleport Other           Tloc           0%         N/A       82%         3


Dungeon Overview and Level Annotations

Branches:
Dungeon (4/15)
 Temple: D:4-7

Altars:
Xom


Innate Abilities, Weirdness & Mutations

You are immune to sickness and miasma.
Your stone body is resilient. (AC +4)
You are immune to poison.
You resist negative energy. (rN+)
You are resistant to electric shocks. (rElec)
You are resistant to unholy torment.
You are immune to petrification.


Message History

You see here a +0 mace.
There is an open door here.
You see here an adder corpse.
There is an open door here.
An ogre comes into view. It is wielding a +0 giant club.
The ogre shouts!
There is an open door here.
Throw: 9 boomerangs
Press: ? - help, Q - select action, (/) - cycle Shift-Dir - straight line, f - ogre
Aim: an ogre, wielding a +0 giant club (75% to hit)
You throw a boomerang.
The boomerang hits the ogre but does no damage.
Throw: 9 boomerangs
Press: ? - help, Q - select action, (/) - cycle Shift-Dir - straight line, f/p - ogre
Aim: an ogre, wielding a +0 giant club (75% to hit)
You throw a boomerang. The boomerang hits the ogre.
The ogre is lightly wounded.
Throw: 9 boomerangs
Press: ? - help, Q - select action, (/) - cycle Shift-Dir - straight line, f/p - ogre
Aim: an ogre, wielding a +0 giant club (lightly wounded, 75% to hit)
You throw a boomerang.
The boomerang hits the ogre and shatters for extra damage.
The ogre is lightly wounded.
You hit the ogre but do no damage.
The ogre is lightly wounded.
The ogre misses you.
You hit the ogre. You freeze the ogre.
The ogre is moderately wounded.
The ogre hits you with a +0 giant club!!
Ouch! That really hurt!
You hit the ogre. You freeze the ogre.
The ogre is moderately wounded.
You slash the ogre! You freeze the ogre.
The ogre is severely wounded.
The ogre misses you.
You hit the ogre. You freeze the ogre.
The ogre is severely wounded.
The ogre hits you with a +0 giant club!!
Ouch! That really hurt!
You die...

.........####..#.....#....#
.........#.###.#.....# ....
.........#..######'### ..
.........'...## ....
######.#.#....###.....
#.#.#.....###.....
#...##.....###....
#...###.....# #.. #.#.#
###@### #.#.....O........
#.........####### #########


You could see an ogre.

Vanquished Creatures
  Sigmund (D:3)
  Jessica (D:2)
  Ijyb (D:3)
  2 gnolls (D:4)
  5 adders
  3 worms
  2 dart slugs (D:1)
  8 orcs
  3 endoplasms
  3 giant cockroaches (D:2)
  5 goblins
  5 hobgoblins
  3 kobolds
  3 quokkas
  8 ball pythons
  7 bats
  5 frilled lizards
  5 rats
70 creatures vanquished.

Notes
Turn   | Place    | Note
-------+----------+-------------------------------------------
     0 | D:1      | RancidPinata the Gargoyle Gladiator began the quest for the
                  | Orb.
     0 | D:1      | Reached XP level 1. HP: 12/12 MP: 1/1
   371 | D:1      | Reached XP level 2. HP: 18/18 MP: 2/2
   420 | D:2      | Noticed Jessica
   429 | D:2      | Killed Jessica
   430 | D:2      | Reached skill level 3 in Fighting
   430 | D:2      | Reached skill level 1 in Axes
   430 | D:2      | Reached skill level 1 in Armour
   430 | D:2      | Reached XP level 3. HP: 23/23 MP: 3/3
   771 | D:3      | Reached XP level 4. HP: 19/28 MP: 4/4
   893 | D:3      | Noticed Sigmund
   930 | D:3      | Killed Sigmund
   931 | D:3      | Reached skill level 4 in Fighting
   931 | D:3      | Reached XP level 5. HP: 8/34 MP: 5/5
   931 | D:3      | Reached XP level 6. HP: 9/39 MP: 6/6
  2243 | D:3      | Noticed Ijyb
  2392 | D:3      | Killed Ijyb
  2560 | D:3      | Found a shimmering altar of Xom.
  3156 | D:4      | HP: 2/40 [gnoll/+0 halberd (4)]
  3382 | D:4      | Reached skill level 5 in Fighting
  3447 | D:4      | Mangled by an ogre

Illustrated notes

Levels and vault maps discovered:
D:1:      psy_arrival_dodecagon, layout_loops_ring, minmay_misc_feat_x,
          minmay_tromino_v7
D:2:      layout_loops_cross, chequers_serial_rivers_room_a, uniq_jessica
D:3:      layout_basic, xom_butterflies, uniq_ijyb, uniq_sigmund
D:4:      layout_basic, nicolae_ru_sacrificial_ziggurat, kennysheep_diamond,
          minmay_quadrilaterals

Skill      XL: |  1  2  3  4  5  6 |
---------------+-------------------+-----
Fighting       | 3 4 5 |  5.0
Axes           | 1 2 |  2.4
Throwing       | 2 3 |  3.2
Armour         | 1 2 |  2.8
Maces & Flails | |  3.0
Dodging        | |  2.4

Action                     |  1- 3 |  4- 6 || total
---------------------------+-------+-------++-------
  Melee: Hand axe          |    45 |   161 ||   206
         Punch             |     4 |     2 ||     6
  Throw: Throwing net      |       |     4 ||     4
         Boomerang         |       |     5 ||     5
         Javelin           |       |     1 ||     1
    Use: Scroll            |       |     4 ||     4
         Potion            |       |     1 ||     1
 Armour: Leather armour    |    15 |    73 ||    88
  Dodge: Dodged            |    39 |   133 ||   172
